Map: Heavy Artillery LE

Players

Aze - Winner!

  • Race: Terran Terran
  • Spawn Location: 7:00

GLEEN - Winner!

  • Race: Zerg Zerg
  • Spawn Location: 7:00

qqq

  • Race: Zerg Zerg
  • League: Platinum
  • Spawn Location: 3:00

Massa

  • Race: Terran Terran
  • League: Platinum
  • Spawn Location: 1:00

VOD

Have the link to the VOD?

Description

Time

  • Played on: Nov. 19, 2020, 2:38 p.m.
  • Length: 22:29
Show
View Real Time Build Order
Export as new Build Order

Aze Terran - Winner!

Build Orders: Hellion Opening 

Get SALT Encoding   

  12  0:00  SCV  
  13  0:12  SCV  
  14  0:22  Supply Depot  
  14  0:26  Refinery  
  14  0:27  SCV  
  15  0:43  SCV  
  15  0:45  Barracks  
  16  0:56  SCV  
  17  1:02  Refinery  
  17  1:08  SCV  
  18  1:20  SCV  
  18  1:25  Supply Depot  
  19  1:33  SCV  
  20  1:41  Factory  
  20  1:47  Barracks Reactor  
  20  1:49  Orbital Command  
  20  2:15  SCV  
  21  2:17  Supply Depot  
  21  2:31  SCV  
  21  2:35  Hellion x2  
  21  2:36  Barracks Tech Lab  
  26  2:43  SCV  
  27  2:55  SCV, Command Center  
  27  2:57  Hellion  
  30  3:05  Hellion  
  32  3:07  SCV  
  33  3:13  Supply Depot  
  33  3:18  Stimpack  
  33  3:19  SCV  
  34  3:42  Hellion x2  
  28  4:31  Starport, Factory Tech Lab  
  28  4:32  Barracks  
  28  4:33  Orbital Command, Engineering Bay  
  26  4:43  SCV  
  26  4:44  Bunker  
  27  4:47  Marauder  
  27  4:50  Siege Tank  
  32  4:55  SCV  
  32  4:59  SCV  
  34  5:01  Supply Depot  
  34  5:05  Combat Shield  
  34  5:07  SCV  
  34  5:08  Marauder  
  34  5:14  Starport Reactor  
  37  5:22  Siege Tank  
  37  5:24  SCV x2  
  42  5:29  Missile Turret  
  42  5:32  Missile Turret  
  42  5:33  Terran Infantry Weapons Level 1  
  42  5:41  SCV x2  
  44  5:48  Factory  
  44  5:51  Medivac x2  
  44  5:54  Siege Tank  
  44  5:56  Barracks  
  51  6:00  SCV x2  
  51  6:02  Supply Depot  
  53  6:06  Refinery  
  53  6:11  Armory  
  53  6:12  SCV x2  
  55  6:20  Missile Turret  
  55  6:24  SCV, Missile Turret  
  56  6:42  SCV x2  
  56  6:43  Medivac, Siege Tank  
  56  6:44  Marine x3  
  66  6:52  Refinery  
  66  7:01  SCV x2  
  68  7:02  Command Center  
  68  7:04  Factory Tech Lab  
  68  7:05  Barracks Tech Lab  
  68  7:20  Supply Depot, Terran Vehicle Weapons Level 1  
  68  7:23  Barracks  
  68  7:24  Barracks  
  68  7:30  Siege Tank  
  68  7:32  Siege Tank  
  74  7:37  Concussive Shells  
  74  7:41  Marine x4  
  78  7:45  SCV x2  
  80  7:59  Marine x3  
  83  8:10  Siege Tank  
  86  8:13  Siege Tank  
  83  8:28  Marine x4  
  83  8:32  Orbital Command  
  87  8:42  Siege Tank  
  87  8:45  Marine, Siege Tank  
  87  8:46  Marine  
  87  8:47  Supply Depot  
  95  8:48  Supply Depot  
  95  8:55  Marine x2  
  97  9:03  Marine x2  
  99  9:11  Orbital Command  
  99  9:14  SCV x2, Siege Tank  
  99  9:15  Command Center  
  104  9:18  Siege Tank  
  107  9:26  SCV x2  
  109  9:37  Marine x4  
  109  9:38  SCV x2  
  115  9:39  Medivac  
  117  10:10  Marine, Medivac  
  117  10:15  Marine x2  
  117  10:16  SCV  
  117  10:23  Siege Tank  
  117  10:24  SCV, Marine  
  117  10:25  Siege Tank  
  117  10:27  Marine  
  117  10:28  SCV  
  107  10:33  Marine x2  
  85  10:42  Marine, Medivac x2  
  86  10:45  Marine  
  91  10:51  Marine  
  91  10:52  Missile Turret  
  91  10:53  Missile Turret x2  
  91  10:54  SCV x2  
  91  10:55  Missile Turret, Siege Tank  
  91  10:56  Missile Turret  
  91  10:57  Planetary Fortress, Missile Turret, Siege Tank  
  97  11:00  Missile Turret  
  100  11:15  SCV  
  100  11:16  SCV x2  
  100  11:17  Refinery x2  
  103  11:21  Missile Turret  
  103  11:23  Marauder  
  103  11:25  Marauder, Marine x2  
  108  11:27  Siege Tank  
  108  11:28  SCV x3  
  108  11:29  Siege Tank  
  108  11:31  Refinery  
  118  11:38  Refinery  
  118  11:43  Missile Turret  
  118  11:59  Siege Tank  
  95  12:11  Siege Tank  
  95  12:12  Marauder, Marine x3  
  103  12:26  Barracks Reactor x2  
  103  12:29  Marine  
  103  12:31  Siege Tank  
  103  12:36  Marine x2  
  103  12:37  Marauder  
  111  12:41  Medivac x2  
  111  12:43  Siege Tank  
  117  12:54  Marauder  
  117  12:58  Marauder  
  115  13:03  Siege Tank  
  118  13:07  Marine  
  118  13:08  Marine x5  
  118  13:11  Medivac  
  126  13:15  Siege Tank  
  126  13:16  Marauder  
  131  13:25  Marine  
  132  13:31  Terran Vehicle Weapons Level 2, Terran Infantry Weapons Level 2  
  132  13:38  Supply Depot x2  
  132  13:40  Supply Depot x2  
  132  13:42  Supply Depot  
  132  13:47  Marine  
  132  13:48  Marauder  
  132  13:49  Command Center  
  132  13:51  Marine  
  132  13:52  Marauder, Marine x2  
  132  13:56  Siege Tank  
  132  14:02  Marine x2, Siege Tank  
  135  14:04  Medivac x2, Supply Depot  
  135  14:05  Marine  
  135  14:09  Marauder, Marine  
  145  14:10  Marine x2  
  145  14:13  Marauder  
  149  14:20  Marine x2  
  149  14:23  Marine  
  152  14:27  Marine  
  152  14:28  Marine x2, Siege Tank  
  152  14:30  Marine  
  157  14:34  Medivac x2, Siege Tank  
  157  14:35  Marauder  
  164  14:40  Marine x2  
  164  14:41  Marine  
  144  14:49  Marauder  
  131  14:53  Marine x2  
  131  14:54  Marine  
  131  14:56  Marauder  
  131  14:57  Marine  
  131  14:58  Marine  
  131  14:59  Marine  
  137  15:10  Marauder  
  137  15:11  Marine x3  
  131  15:15  Marine x2, Siege Tank  
  131  15:16  Medivac x2, Siege Tank  
  131  15:17  Marine x2  
  139  15:29  Marine x2  
  140  15:38  Marine x6  
  141  15:47  Marine x2  
  141  15:49  Medivac x2  
  147  15:53  Siege Tank x2  
  147  15:55  Marine  
  147  15:56  Marine x2  
  156  16:16  Marine x4  
  156  16:17  Marine x4  
  164  16:19  Medivac x2  
  164  16:25  Orbital Command, Siege Tank x2  
  164  16:34  Marine x5  
  169  16:40  Marauder x2, Marine  
  173  16:52  Marine x4  
  177  16:57  Siege Tank x2  
  183  17:02  Marauder x2, Marine x2  
  183  17:05  Viking x2  
  193  17:10  Marine x2  
  195  17:33  Marine x2  
  195  17:34  Siege Tank  
  200  17:39  Marine x3  
  200  17:42  Marine, Siege Tank  
  200  17:43  Marine  
  200  17:52  Terran Infantry Weapons Level 3  
  200  17:53  Terran Vehicle Weapons Level 3  
  200  18:21  Marauder  
  177  19:21  Marine x3  
  177  19:22  Marine x5  
  166  19:39  Marine x2  
  166  19:43  Marine x4  
  166  19:44  Marine x2  
  109  19:57  Marine x2  
  96  20:01  Marine x6  
  95  20:11  Siege Tank x2  
  95  20:13  Medivac x2  
  99  20:15  Marine x2  
  99  20:19  Marine x4  
  102  20:26  Marine x2  
  104  20:32  Marine  
  104  20:33  Marine  
  106  20:36  Marine  
  106  20:37  Marine x2  
  109  20:43  Siege Tank  
  109  20:49  Medivac x2  
  116  20:51  Marauder x2  
  116  20:53  Marine x3  
  116  20:54  Marine x3  
  116  20:55  Siege Tank  
  125  21:10  Marine  
  122  21:13  Marauder x2  
  122  21:15  Siege Tank  
  129  21:27  Marine, Siege Tank  
  128  21:34  Marauder  
  130  21:40  Marine x6  
  130  21:45  Marine  
  137  21:47  Siege Tank  
  135  21:55  Marine  
  135  21:57  Marine  
  135  21:58  Marine  
  141  22:04  Marine x5  
Show
View Real Time Build Order
Export as new Build Order

GLEEN Zerg - Winner!

Build Orders: Hatch First 

Get SALT Encoding   

  12  0:01  Drone  
  13  0:10  Drone  
  14  0:19  Overlord  
  14  0:23  Extractor  
  14  0:24  Drone  
  15  0:38  Drone x2  
  17  0:48  Drone  
  18  0:57  Hatchery  
  18  1:03  Extractor  
  18  1:04  Drone  
  17  1:16  Spawning Pool  
  17  1:18  Drone  
  17  1:23  Drone  
  18  1:29  Drone  
  19  1:38  Overlord  
  19  1:55  Drone  
  20  2:04  Zergling x2  
  20  2:06  Metabolic Boost  
  21  2:10  Queen  
  21  2:11  Queen  
  25  2:15  Zergling x2  
  25  2:16  Zergling x2  
  27  2:23  Drone  
  27  2:28  Overlord  
  28  2:33  Zergling x4  
  30  2:41  Zergling x2  
  31  2:45  Overlord  
  31  2:52  Zergling x2  
  32  2:59  Zergling x2  
  33  3:11  Zergling x4  
  35  3:15  Zergling x4  
  35  3:19  Overlord  
  37  3:20  Drone x3  
  37  3:22  Drone x2  
  42  3:30  Zergling x4  
  42  3:42  Zergling x2  
  42  3:48  Zergling x4  
  45  3:53  Zergling x4  
  45  3:54  Zergling x4  
  48  4:06  Drone  
  48  4:07  Drone  
  48  4:09  Drone  
  51  4:17  Drone  
  51  4:20  Lair  
  51  4:27  Hatchery  
  46  4:40  Baneling Nest  
  46  4:41  Zergling x2  
  46  4:42  Zergling x18  
  55  5:01  Drone  
  55  5:02  Drone x2  
  55  5:04  Drone  
  55  5:06  Extractor  
  58  5:24  Drone x2  
  58  5:25  Overlord  
  58  5:26  Extractor, Overlord x3  
  59  5:29  Baneling x5  
  59  5:41  Drone x3  
  59  5:42  Drone x3  
  65  5:49  Queen  
  67  5:54  Drone  
  67  5:55  Drone x3  
  71  5:59  Extractor  
  71  6:00  Drone  
  71  6:01  Drone x3  
  74  6:15  Drone, Burrow  
  74  6:16  Drone x6  
  81  6:24  Drone x2  
  81  6:25  Drone x2  
  76  6:35  Baneling x3  
  76  6:47  Overlord x2  
  76  6:49  Extractor  
  76  6:51  Spire  
  76  6:52  Drone  
  75  6:54  Drone x4  
  75  6:56  Drone x2  
  75  6:59  Extractor  
  80  7:08  Overlord x2  
  80  7:25  Queen  
  82  7:35  Overlord x2  
  82  7:41  Drone x3  
  82  7:43  Overlord x2  
  85  7:55  Overlord x2  
  85  8:08  Mutalisk x10  
  85  8:09  Mutalisk x2  
  109  8:16  Mutalisk  
  109  8:17  Overlord x2  
  111  8:26  Mutalisk  
  111  8:27  Mutalisk  
  111  8:28  Overlord x2  
  111  8:29  Overlord  
  111  8:33  Hatchery, Zerg Flyer Weapons Level 1  
  108  8:42  Mutalisk  
  110  8:57  Hatchery, Mutalisk  
  111  9:22  Mutalisk x5  
  111  9:23  Overlord  
  111  9:24  Overlord x2  
  121  9:25  Zergling x16  
  129  9:41  Mutalisk  
  129  9:42  Mutalisk x3  
  137  9:51  Overlord x2  
  137  9:52  Queen  
  139  9:59  Infestation Pit  
  138  10:05  Evolution Chamber  
  138  10:06  Evolution Chamber  
  130  10:33  Mutalisk  
  130  10:34  Mutalisk x7  
  136  10:43  Drone x5  
  136  10:44  Drone, Overlord x2  
  142  10:51  Drone x3  
  145  10:57  Centrifical Hooks  
  145  11:00  Drone  
  145  11:01  Drone x3  
  149  11:06  Spore Crawler  
  149  11:08  Drone x3  
  149  11:09  Drone, Overlord x2  
  149  11:10  Extractor  
  151  11:12  Zerg Melee Weapons Level 1, Zerg Ground Armor Level 1  
  151  11:13  Zergling x6  
  154  11:35  Mutalisk  
  154  11:36  Mutalisk x5  
  154  11:37  Overlord x4  
  154  11:38  Drone  
  154  11:39  Drone  
  168  11:41  Extractor  
  168  11:42  Drone x4, Extractor  
  170  11:53  Zergling x6  
  170  11:54  Zergling x20  
  183  12:06  Mutalisk  
  183  12:07  Mutalisk x4  
  178  12:30  Zergling x2  
  178  12:31  Zergling x30  
  192  12:47  Drone x2  
  192  12:48  Drone  
  195  13:00  Zerg Flyer Weapons Level 2  
  195  13:07  Extractor  
  146  13:20  Mutalisk  
  146  13:21  Mutalisk x10  
  146  13:23  Overlord x4  
  146  13:24  Overlord x2  
  146  13:25  Overlord  
  168  13:38  Hive  
  167  14:09  Mutalisk x10  
  169  14:10  Overlord x2  
  169  14:11  Overlord  
  169  14:12  Zergling x18  
  169  14:13  Zergling x4  
  169  14:16  Pneumatized Carapace  
  187  14:44  Mutalisk  
  187  14:45  Mutalisk x7  
  134  15:02  Mutalisk  
  134  15:03  Mutalisk x3  
  134  15:04  Zergling x12  
  134  15:05  Zergling x10  
  139  15:23  Hatchery  
  139  15:26  Zergling x4  
  139  15:27  Zergling x16  
  148  15:31  Hatchery  
  147  15:37  Ultralisk Cavern  
  147  15:40  Overseer x3  
  147  15:42  Mutalisk  
  146  15:43  Mutalisk x6  
  160  15:51  Zergling x2  
  160  15:52  Zergling x6  
  160  15:53  Zergling x2  
  160  15:54  Zergling x10  
  167  16:07  Zergling x6  
  167  16:08  Zergling x6  
  167  16:24  Mutalisk  
  167  16:25  Mutalisk x11  
  169  16:32  Pathogen Glands  
  182  16:39  Extractor  
  181  16:42  Extractor  
  180  16:50  Infestor x3  
  180  16:53  Infestor  
  175  17:11  Mutalisk  
  175  17:12  Mutalisk x3  
  174  17:20  Mutalisk  
  174  17:21  Mutalisk  
  178  17:27  Zergling x2  
  178  17:28  Zergling x42  
  178  17:29  Overlord x2  
  200  17:36  Zerg Flyer Armor Level 1  
  182  17:59  Infestor x2  
  182  18:00  Infestor x4  
  182  18:01  Infestor  
  196  18:05  Zergling x2  
  196  18:06  Zergling x6  
  196  18:07  Neural Parasite  
  200  18:16  Infestor x4  
  200  18:31  Infestor x2  
  200  18:32  Infestor  
  200  18:36  Overlord x2  
  200  18:37  Chitinous Plating  
  191  19:26  Infestor x4  
  179  19:41  Ultralisk x3  
  179  19:42  Ultralisk  
  195  19:46  Zergling x4  
  195  19:47  Baneling x2  
  196  19:56  Anabolic Synthesis  
  174  20:27  Zergling x14  
  174  20:28  Zergling x36  
  198  20:48  Hatchery  
  169  21:13  Mutalisk x12  
  169  21:14  Mutalisk x4  
  192  21:21  Ultralisk x2  
  192  21:22  Ultralisk  
  166  22:11  Zergling x2  
  166  22:12  Zergling x16  
Show
View Real Time Build Order
Export as new Build Order

qqq Zerg 

Build Orders: Hatch First 

Get SALT Encoding   

  12  0:01  Drone  
  13  0:10  Drone  
  14  0:29  Overlord  
  14  0:43  Hatchery  
  14  0:48  Drone  
  14  0:51  Drone  
  14  0:54  Drone  
  16  0:58  Extractor  
  16  1:02  Drone  
  16  1:14  Drone  
  17  1:37  Spawning Pool  
  16  1:41  Drone x2  
  16  1:43  Extractor, Drone  
  19  1:54  Drone  
  19  1:56  Drone  
  21  2:11  Drone  
  21  2:14  Overlord  
  22  2:19  Drone  
  22  2:22  Drone  
  24  2:23  Hatchery  
  25  2:47  Queen  
  25  2:50  Lair  
  26  2:51  Zergling x4  
  26  2:52  Metabolic Boost  
  26  2:54  Drone  
  26  2:55  Drone  
  29  2:59  Zergling x2  
  31  3:12  Zergling x2  
  31  3:13  Drone  
  31  3:14  Drone  
  33  3:23  Spine Crawler  
  32  3:29  Drone x2  
  34  3:41  Zergling x6  
  34  3:42  Zergling x4  
  34  3:46  Queen  
  37  3:50  Spine Crawler  
  37  3:55  Spine Crawler  
  29  3:58  Zergling x2  
  29  3:59  Zergling x6  
  29  4:10  Zergling x2  
  29  4:15  Zergling x2  
  29  4:16  Zergling x4, Baneling Nest  
  32  4:33  Zergling x2  
  32  4:34  Zergling x6  
  32  4:35  Zergling x2  
  34  4:44  Drone x2  
  36  4:51  Drone x2  
  38  5:02  Spire  
  37  5:08  Baneling x4  
  37  5:11  Baneling  
  37  5:13  Drone  
  38  5:15  Drone  
  38  5:17  Drone  
  38  5:20  Drone  
  41  5:26  Overlord  
  41  5:31  Overlord  
  41  5:43  Overlord  
  41  5:45  Drone x4  
  41  5:49  Extractor, Drone  
  45  6:02  Drone x3  
  45  6:03  Drone  
  49  6:07  Drone x2  
  49  6:10  Queen  
  53  6:15  Drone  
  53  6:16  Mutalisk  
  53  6:42  Mutalisk x2  
  53  6:44  Drone x5  
  53  6:45  Drone  
  53  6:46  Extractor  
  62  6:48  Extractor x2  
  62  6:50  Extractor, Drone  
  62  6:53  Queen  
  62  6:59  Mutalisk  
  64  7:02  Drone x2  
  66  7:17  Overlord x2  
  66  7:18  Overlord x4  
  66  7:25  Baneling x3  
  66  7:26  Baneling x6  
  66  7:27  Baneling  
  66  7:41  Drone x4  
  66  7:42  Mutalisk  
  72  7:55  Drone x2  
  74  8:00  Mutalisk  
  74  8:01  Mutalisk x2  
  74  8:03  Zerg Flyer Weapons Level 1  
  80  8:09  Drone  
  80  8:10  Drone  
  71  8:26  Mutalisk x2  
  71  8:27  Mutalisk x3  
  73  8:29  Drone  
  73  8:34  Drone x2  
  82  8:47  Mutalisk x2  
  86  8:49  Drone x2  
  88  8:57  Drone x2  
  88  8:58  Corruptor  
  88  8:59  Mutalisk  
  84  9:12  Spore Crawler  
  84  9:13  Infestation Pit  
  84  9:14  Mutalisk, Spore Crawler  
  84  9:16  Drone x4  
  83  9:22  Spore Crawler  
  82  9:27  Corruptor x2  
  82  9:28  Mutalisk  
  82  9:30  Drone  
  89  9:47  Mutalisk  
  89  9:48  Drone  
  89  9:49  Drone x4  
  96  9:57  Zerg Flyer Armor Level 1  
  96  10:04  Hatchery  
  95  10:11  Mutalisk  
  98  10:14  Drone  
  98  10:15  Overlord  
  98  10:17  Overlord, Hive  
  98  10:40  Mutalisk x2  
  98  10:41  Drone x2, Mutalisk x3  
  98  10:42  Mutalisk  
  112  10:54  Overlord x3  
  112  11:21  Spore Crawler  
  112  11:22  Spore Crawler  
  112  11:23  Drone  
  111  11:26  Mutalisk  
  111  11:28  Viper x4  
  111  11:30  Zergling x4  
  111  11:32  Drone  
  127  11:39  Hatchery  
  126  11:41  Drone  
  126  11:43  Hatchery  
  88  12:21  Mutalisk x2  
  88  12:22  Mutalisk x7  
  96  12:24  Drone  
  104  12:32  Greater Spire  
  104  12:35  Mutalisk  
  106  12:46  Mutalisk x2  
  96  13:21  Drone x2  
  96  13:22  Drone x2  
  100  13:29  Drone, Mutalisk  
  100  13:30  Mutalisk x3  
  100  13:31  Mutalisk x3  
  115  13:39  Hatchery  
  113  13:57  Drone x3  
  113  13:59  Mutalisk x5, Zergling x8  
  129  14:12  Overseer  
  129  14:13  Pneumatized Carapace  
  129  14:19  Drone x2  
  129  14:21  Spine Crawler  
  129  14:23  Spine Crawler  
  129  14:24  Spine Crawler x2  
  128  14:26  Mutalisk x3  
  128  14:28  Zergling x12  
  128  14:29  Zergling x4  
  128  14:30  Drone  
  114  15:02  Mutalisk  
  114  15:03  Mutalisk x5  
  114  15:04  Zergling x4  
  114  15:05  Drone x4, Zergling x2  
  114  15:06  Drone  
  117  15:17  Drone, Zergling x6  
  117  15:18  Drone  
  122  15:21  Extractor  
  122  15:22  Extractor  
  122  15:26  Drone  
  122  15:28  Viper  
  121  15:32  Hatchery  
  114  15:44  Brood Lord x2  
  114  15:48  Drone x2  
  114  15:49  Drone x3  
  123  15:59  Baneling  
  123  16:00  Baneling x7  
  123  16:01  Baneling x2  
  123  16:02  Zergling x6  
  123  16:03  Zergling x12  
  123  16:04  Drone x2  
  134  16:14  Spine Crawler  
  134  16:15  Spine Crawler  
  132  16:18  Spine Crawler  
  132  16:19  Spine Crawler  
  132  16:20  Spine Crawler  
  129  16:28  Spine Crawler  
  129  16:30  Spine Crawler x2  
  126  16:36  Viper x2  
  126  16:38  Drone x6  
  138  16:49  Spine Crawler  
  138  16:50  Extractor  
  138  16:51  Extractor, Drone x2  
  136  17:17  Spine Crawler  
  136  17:19  Spine Crawler  
  136  17:22  Drone x2  
  136  17:23  Drone x4  
  136  17:24  Drone x3  
  143  17:31  Brood Lord  
  111  17:52  Mutalisk x5  
  111  17:53  Mutalisk x4  
  111  17:54  Drone x2  
  111  17:55  Drone x4  
  135  17:58  Spine Crawler  
  135  17:59  Drone  
  135  18:00  Spine Crawler x2, Queen  
  135  18:02  Queen  
  137  18:12  Mutalisk  
  137  18:13  Mutalisk x3  
  137  18:14  Drone x3  
  137  18:17  Zergling x6  
  137  18:18  Zergling x4  
  153  18:29  Zerg Flyer Weapons Level 2  
  153  18:35  Queen  
  153  18:39  Overlord x2  
  153  18:40  Overlord x6  
  155  18:42  Drone  
  155  18:57  Queen  
  153  19:20  Corruptor x2  
  153  19:21  Mutalisk x2  
  153  19:22  Viper  
  153  19:23  Mutalisk  
  153  19:24  Corruptor x3  
  166  19:31  Spore Crawler  
  171  19:35  Spore Crawler  
  136  20:23  Mutalisk x3  
  136  20:24  Mutalisk, Viper x3  
  153  20:35  Mutalisk x2  
  153  20:37  Zergling x14  
  153  20:38  Drone x4  
  153  20:39  Drone x2  
  160  21:09  Mutalisk x5  
  160  21:11  Drone x6  
Show
View Real Time Build Order
Export as new Build Order

Massa Terran 

Build Orders: Command Center First (CC) 

Get SALT Encoding   

  12  0:00  SCV  
  13  0:12  SCV  
  14  0:23  Supply Depot  
  14  0:24  SCV  
  15  0:45  SCV  
  16  0:56  Command Center  
  16  1:04  SCV  
  17  1:13  Barracks  
  17  1:16  SCV  
  18  1:22  Refinery  
  18  1:28  SCV  
  18  1:32  Refinery  
  19  1:40  SCV  
  20  1:58  SCV  
  21  2:02  Reaper  
  21  2:05  Barracks  
  22  2:09  Orbital Command  
  22  2:13  SCV  
  23  2:27  SCV  
  23  2:28  Factory  
  24  2:35  SCV  
  25  2:39  Orbital Command  
  25  2:44  Marine  
  26  2:51  SCV  
  26  2:56  Supply Depot  
  27  3:02  Engineering Bay  
  27  3:03  Barracks Reactor, SCV  
  28  3:05  Barracks Tech Lab  
  28  3:14  Bunker  
  29  3:29  Marauder  
  29  3:37  Marine  
  29  3:40  Hellion  
  30  3:44  Barracks  
  30  3:45  SCV  
  31  3:55  Marine  
  31  4:01  Hellion  
  25  4:32  Widow Mine  
  25  4:33  Barracks Tech Lab  
  27  4:46  SCV x2  
  27  4:52  Command Center  
  29  4:53  Widow Mine  
  29  4:57  Supply Depot  
  29  4:58  SCV x2, Barracks  
  33  5:06  Marauder, Stimpack  
  35  5:10  SCV x2  
  35  5:13  Starport  
  37  5:20  Missile Turret  
  37  5:22  Factory Tech Lab, SCV x2  
  39  5:29  Marauder  
  39  5:34  SCV x2  
  43  5:41  Barracks  
  43  5:47  Barracks Reactor  
  43  6:07  Siege Tank  
  43  6:08  Marauder  
  48  6:12  SCV x2  
  48  6:17  Refinery  
  50  6:18  Refinery  
  50  6:23  Missile Turret  
  50  6:24  SCV x2  
  52  6:25  Barracks  
  52  6:29  Marauder  
  52  6:30  Barracks Tech Lab  
  52  6:31  Marine x2  
  56  6:36  SCV  
  56  6:37  SCV  
  56  6:39  Siege Tank  
  61  6:46  Combat Shield  
  61  6:51  Missile Turret  
  61  6:57  Supply Depot  
  61  6:58  Supply Depot  
  61  7:09  Terran Infantry Weapons Level 1  
  61  7:13  Armory  
  61  7:17  Barracks Tech Lab  
  61  7:19  SCV x2, Marine, Viking, Siege Tank  
  69  7:23  Supply Depot  
  69  7:31  SCV  
  70  7:42  Marauder x3, Marine  
  77  7:44  Marine  
  77  7:53  Starport Reactor  
  77  7:56  Planetary Fortress  
  77  7:58  Supply Depot x3  
  77  8:03  Marauder  
  79  8:11  Concussive Shells  
  79  8:12  Marauder x2  
  83  8:13  Marine x2  
  83  8:19  Siege Tank  
  88  8:21  Supply Depot  
  88  8:24  Marauder  
  90  8:31  Marine  
  90  8:33  Missile Turret  
  90  8:34  Marauder  
  95  8:41  SCV x3  
  96  8:52  Sensor Tower  
  96  8:53  SCV x2  
  98  8:59  Sensor Tower  
  98  9:01  Terran Vehicle And Ship Armor Level 1  
  98  9:04  Terran Infantry Armor Level 1  
  98  9:05  Engineering Bay, Medivac x2  
  98  9:08  Marauder  
  98  9:09  Marauder  
  106  9:18  Marine  
  106  9:19  Marine x2  
  109  9:29  Marine, Missile Turret  
  109  9:30  Marine  
  111  9:33  Missile Turret  
  111  9:35  Widow Mine, Medivac x2  
  111  9:36  Marine  
  111  9:37  Marine  
  117  9:49  Missile Turret x2  
  117  9:50  Missile Turret  
  117  9:51  Missile Turret  
  117  9:53  Missile Turret  
  117  9:57  Marine  
  115  10:23  Factory Tech Lab  
  83  10:36  Marauder  
  83  10:37  Marauder x2, Marine x2  
  89  10:46  Thor  
  95  10:53  Terran Infantry Weapons Level 2  
  95  10:55  Marine x2  
  95  10:56  Terran Vehicle Weapons Level 1  
  97  10:58  SCV x3, Marauder x3  
  106  11:10  SCV x3  
  109  11:12  Marine x2, Command Center  
  109  11:13  Viking x2  
  115  11:19  Marine  
  115  11:22  SCV  
  117  11:29  Supply Depot  
  117  11:30  Supply Depot  
  117  11:31  Terran Infantry Armor Level 2  
  117  11:33  Supply Depot  
  117  11:35  Supply Depot  
  117  11:49  SCV  
  117  11:51  Marauder, Medivac x2, Siege Tank  
  125  11:57  Supply Depot  
  106  12:07  Marauder x2, Marine  
  91  12:12  Marauder  
  93  12:21  Marine  
  90  12:24  Marine, Medivac  
  90  12:25  Medivac  
  90  12:27  Thor  
  90  12:28  Marauder x2  
  105  12:34  Marauder  
  105  12:35  Factory  
  105  12:37  Factory  
  106  12:39  Marine  
  106  12:42  Marine  
  97  12:47  SCV x3  
  97  12:49  Marauder x2  
  100  12:54  Marine  
  100  12:57  Marine  
  89  12:59  SCV x3  
  89  13:00  Marine  
  89  13:04  Missile Turret  
  89  13:11  SCV x2  
  89  13:12  SCV  
  92  13:13  Siege Tank  
  92  13:15  Marauder x3, Marine  
  92  13:18  Marine  
  103  13:20  Factory Tech Lab  
  103  13:21  Factory Tech Lab  
  103  13:23  SCV  
  103  13:25  Missile Turret  
  104  13:36  Marauder  
  106  13:45  Missile Turret, Siege Tank  
  109  14:05  Missile Turret  
  109  14:08  Marauder x2, Marine x3  
  116  14:26  Marine x2  
  116  14:27  Marauder  
  116  14:29  Marine x2  
  119  14:37  Missile Turret  
  119  14:39  Missile Turret x2  
  119  14:42  Missile Turret  
  119  14:43  Marine x2  
  119  14:44  Missile Turret  
  109  14:46  Marine  
  109  14:47  Marine  
  106  14:54  Medivac x2  
  106  14:56  Thor  
  106  14:57  Missile Turret x2, Thor  
  106  14:59  Command Center  
  119  15:05  Thor  
  125  15:09  SCV  
  125  15:10  SCV x2  
  128  15:22  SCV x2  
  115  15:35  Marauder x2  
  113  15:36  Marauder, Marine  
  116  15:52  Siege Tank x3  
  116  15:57  Marauder x3  
  130  16:12  Planetary Fortress  
  130  16:15  Marine  
  130  16:16  Marine  
  130  16:18  Marauder x3  
  137  16:24  Barracks  
  135  16:33  Marine  
  135  16:34  Marine  
  137  16:54  SCV x3  
  137  16:55  SCV  
  137  16:59  Marauder x3  
  147  17:06  SCV x2  
  147  17:07  SCV x2  
  151  17:12  Missile Turret  
  151  17:18  SCV x2  
  151  17:20  Marauder  
  151  17:21  Marauder  
  157  17:41  Refinery  
  157  17:44  Refinery  
  157  17:45  Refinery x2  
  157  17:57  Marauder x3, Marine  
  157  17:58  Marine x2  
  166  18:15  Marine x2  
  166  18:18  Marauder  
  166  18:19  Marauder  
  169  18:36  Missile Turret  
  169  18:46  Command Center  
  169  18:48  Sensor Tower  
  169  18:55  Marauder, Marine  
  171  18:56  Missile Turret  
  171  19:02  Terran Infantry Weapons Level 3, Terran Infantry Armor Level 3, Supply Depot  
  172  19:04  Supply Depot x3  
  172  19:11  Marine x2  
  172  19:23  Marauder x3  
  178  19:27  Supply Depot  
  127  19:44  Marine x2  
  127  19:45  Marauder x3  
  108  19:47  Barracks Reactor  
  108  19:49  Siege Tank  
  108  19:50  Siege Tank x2  
  116  20:01  Marine  
  116  20:02  Marine  
  116  20:06  Marauder x3  
  117  20:19  Marine  
  117  20:20  Marine  
  113  20:21  Siege Tank  
  113  20:22  Siege Tank  
  113  20:23  Marine x2  
  113  20:25  Medivac x2  
  113  20:28  Marauder x3  
  131  20:37  Marine x2  
  133  20:49  Marauder x3  
  137  20:55  Liberator  
  138  21:03  Marine x4  
  115  21:07  Siege Tank  
  115  21:10  Marauder x3  
  100  21:21  Marine x3  
  79  21:31  Liberator  
  79  21:32  Marauder x2  
  84  21:34  Marine  
  84  21:39  Marine x2  
  88  21:41  Widow Mine x2  
  88  21:43  Marine  
  88  21:53  Marauder, Marine  
  88  21:56  Marine  
  88  21:57  Marine  
  93  22:01  Marine  
  94  22:10  Marine  
Tags
 
Add a new tag
Caveats
  • Supply blocks, unpowered buildings, or Contaminate may cause inaccurate times.
  • Supply counts are checked every 10 seconds.